 Dungeon Crawl Stone Soup version 0.31-a0-237-g2d982f9f85 (webtiles) character file.

Game seed: 5840596631510534345

294 qw the Shooter (level 6, 0/37 HPs)
             Began as a Gargoyle Hexslinger on July 11, 2023.
             Slain by a wight
             ... wielding a +1 dagger
              (4 damage)
             ... on level 3 of the Dungeon.
             The game lasted 00:00:56 (2076 turns).

qw the Shooter (Gargoyle Hexslinger)                Turns: 2076, Time: 00:00:56

Health: 0/37       AC: 11    Str: 12    XL:     6   Next: 34%
Magic:  7/7        EV: 11    Int: 13    God:
Gold:   102        SH:  5    Dex: 14    Spells: 6/7 levels left

rFire   x x .        Y - +2 sling (drain)
rCold   + . .        (no shield)
rNeg    + . .        j - +3 leather armour of the Shining Light {Fly rF- rCorr}
rPois   inf          b - +0 helmet
rElec   +            (no cloak)
rCorr   +            (no gloves)
SInv    .            (no boots)
Will    .....        d - amulet of reflection
Stlth   +            g - ring of ice
HPRegen 0.26/turn    (no ring)
MPRegen 0.10/turn

%: reflection
@: flying
A: sickness immunity, AC +4, negative energy resistance 1, electricity
resistance, torment resistance 1, petrification resistance
a: no special abilities


You were on level 3 of the Dungeon.
You visited 1 branch of the dungeon, and saw 3 of its levels.

You collected 102 gold pieces.


Innate Abilities, Weirdness & Mutations

You are immune to sickness and miasma.
Your stone body is resilient. (AC +4)
You are immune to poison.
You resist negative energy. (rN+)
You are resistant to electric shocks. (rElec)
You are resistant to unholy torment.
You are immune to petrification.


   Skills:
 - Level 3.4 Fighting
 + Level 5.5 Ranged Weapons
 - Level 1.1 Armour
 - Level 1.5 Dodging
 - Level 1.0 Spellcasting
 - Level 2.6 Hexes


You had 6 spell levels left.
You knew the following spells:

 Your Spells              Type           Power      Damage    Failure   Level
a - Slow                  Hex            28%        N/A       12%         1

Your spell library contained the following spells:

 Spells                   Type           Power      Damage    Failure   Level
 Inner Flame              Hex/Fire       4%         N/A       52%         3
 Portal Projectile        Hex/Tloc       8%         N/A       52%         3
 Cause Fear               Hex            3%         N/A       75%         4

Inventory:

Hand Weapons
 Y - a +2 sling of draining (weapon)
Armour
 b - a +0 helmet (worn)
 f - a +0 ring mail
 j - the +3 leather armour of the Shining Light (worn) {Fly rF- rCorr}
   (You found it on level 2 of the Dungeon)

   rF:        It makes you vulnerable to fire.
   Fly:       It grants you flight.
   rCorr:     It protects you from acid and corrosion.
Jewellery
 d - an amulet of reflection (around neck)
 g - a ring of ice (left hand)
Scrolls
 a - 2 scrolls of identify
Potions
 c - a potion of lignification {unknown}
 i - a potion of haste

Dungeon Overview and Level Annotations

Branches:
Dungeon (3/15)

Altars:


Message History

The sling bullet closely misses the wight.
The wight barely misses you.
The wight hits you from afar with a +4 spear of freezing.
The wight hits you but does no damage.
You shoot a sling bullet. The sling bullet hits the wight.
The wight is almost destroyed.
The wight hits you but does no damage. x4; The wight misses you.
The wight hits you but does no damage.
You shoot a sling bullet. The sling bullet hits the wight.
The wight is almost destroyed.
The wight closely misses you. x2; The wight completely misses you.
You shoot a sling bullet. The sling bullet hits the wight.
You destroy the wight!
The wight closely misses you. x2
You shoot a sling bullet.
The sling bullet barely misses the wight.
The wight barely misses you. The wight hits you but does no damage.
You shoot a sling bullet. The sling bullet hits the wight.
The wight is heavily damaged.
The wight hits you but does no damage.
The wight hits you from afar with a +4 spear of freezing.
You shoot a sling bullet.
The sling bullet hits the wight but does no damage.
The wight is heavily damaged.
The wight barely misses you. The wight completely misses you.
You shoot a sling bullet.
The sling bullet closely misses the wight.
The wight barely misses you. The wight hits you but does no damage.
You shoot a sling bullet. The sling bullet hits the wight.
The wight is almost destroyed.
The wight hits you from afar with a +4 spear of freezing.
The wight freezes you. The wight hits you with a +1 dagger.
The wight hits you but does no damage. You block the wight's attack.
You shoot a sling bullet.
The sling bullet closely misses the wight.
The wight hits you but does no damage. x2
You shoot a sling bullet.
The sling bullet closely misses the wight.
The wight hits you with a +1 dagger.
You die...

##### #.#
...#+#.## ####
#......#
...######......#
#.............#
#.............#
#.......%#.#.##
+........#.#.#
#......%.#.#@#
#.####...#.z)##
# ##......z.
#.##.##.. #.##.#
... #.##.# .###
#.## .. ..# #.##
.) ... ..# #..#
#.# #.#


You could see 2 wights.

Vanquished Creatures
  A wight (D:3)
  An orc priest (D:3)
  Natasha (thrice) (D:2)
  Robin (D:2)
  2 gnolls (D:2)
  3 adders (D:2)
  3 worms
  2 dart slugs
  2 orcs (D:3)
  4 endoplasms
  A giant cockroach (D:2)
  13 goblins
  6 hobgoblins
  2 jackals (D:3)
  5 quokkas
  4 ball pythons
  2 bats
  5 frilled lizards
  5 kobolds (D:2)
  3 rats
68 creatures vanquished.

Notes
Turn   | Place    | Note
-------+----------+-------------------------------------------
     0 | D:1      | qw the Gargoyle Hexslinger began the quest for the Orb.
     0 | D:1      | Reached XP level 1. HP: 12/12 MP: 2/2
     0 | D:1      | 0 ||| qw: Version: 0.3-a-52-g30416fa
     0 | D:1      | 0 ||| qw: Game counter: 5510
     0 | D:1      | 0 ||| qw: Melee chars always use a shield: true
     0 | D:1      | 0 ||| qw: God list: Okawaru
     0 | D:1      | 0 ||| qw: Allow faded altars: false
     0 | D:1      | 0 ||| qw: Do Orc after clearing Dungeon:15 true
     0 | D:1      | 0 ||| qw: Do second Lair branch before Depths: true
     0 | D:1      | 0 ||| qw: Lair rune preference: random
     0 | D:1      | 0 ||| qw: Goals: Normal
     0 | D:1      | 0 ||| PLANNING D:1-11
    27 | D:1      | Found a faded altar of an unknown god.
   529 | D:1      | Reached XP level 2. HP: 16/16 MP: 3/3
   832 | D:1      | 832 ||| UPGRADING to +0 ring mail.
   842 | D:1      | 842 ||| DROPPING +0 robe.
   843 | D:1      | 843 ||| UPGRADING to amulet of reflection.
   848 | D:1      | 848 ||| DROPPING ring of flight.
   849 | D:1      | 849 ||| READING 2 scrolls labelled HIVESONNUH.
   850 | D:1      | 850 ||| READING scroll labelled REONOD YVAEMAQ.
   851 | D:1      | 851 ||| READING scroll labelled QOECO PYN JELA.
   852 | D:1      | 852 ||| READING scroll labelled PAT FA YMOKK.
   853 | D:1      | 853 ||| DRINKING 2 lumpy inky potions.
   854 | D:1      | 854 ||| DROPPING scroll of poison.
   855 | D:1      | 855 ||| DROPPING potion of brilliance.
   882 | D:2      | Reached skill level 3 in Ranged Weapons
   901 | D:2      | Reached XP level 3. HP: 19/21 MP: 4/4
   901 | D:2      | Noticed Robin
   911 | D:2      | Killed Robin
   933 | D:2      | 933 ||| SWAPPING to +2 sling of draining.
   934 | D:2      | 934 ||| DROPPING +2 sling.
  1088 | D:2      | Reached skill level 4 in Ranged Weapons
  1088 | D:2      | Reached XP level 4. HP: 26/26 MP: 5/5
  1101 | D:2      | Noticed Natasha
  1108 | D:2      | Reached skill level 1 in Armour
  1115 | D:2      | Killed Natasha
  1246 | D:2      | Reached XP level 5. HP: 19/30 MP: 6/6
  1323 | D:2      | 1323 ||| FLEEEEING.
  1402 | D:2      | Noticed Natasha
  1411 | D:2      | Killed Natasha
  1412 | D:2      | Reached skill level 5 in Ranged Weapons
  1480 | D:2      | Noticed Natasha
  1482 | D:2      | Killed Natasha
  1521 | D:2      | Identified the +3 leather armour of the Shining Light {Fly
                  | rF- rCorr}
  1773 | D:2      | 1773 ||| UPGRADING to +0 helmet.
  1778 | D:2      | 1778 ||| UPGRADING to +3 leather armour of the Shining
                  | Light {Fly rF- rCorr}.
  1788 | D:2      | 1788 ||| UPGRADING to ring of ice.
  1789 | D:2      | 1789 ||| READING 2 scrolls labelled DAREMI WILUKOMN.
  1790 | D:2      | 1790 ||| READING scroll labelled EMONE IMMA.
  1791 | D:2      | 1791 ||| DRINKING 2 fuming sapphire potions.
  1792 | D:2      | 1792 ||| READING 2 scrolls of identify.
  1792 | D:2      | 1792 ||| IDENTIFYING lumpy green potion
  1793 | D:2      | 1793 ||| DROPPING scroll of immolation.
  1914 | D:3      | 1914 ||| FLEEEEING.
  1915 | D:3      | 1915 ||| FLEEEEING.
  1916 | D:3      | 1916 ||| FLEEEEING.
  1917 | D:3      | 1917 ||| FLEEEEING.
  1918 | D:3      | 1918 ||| FLEEEEING.
  1919 | D:3      | 1919 ||| FLEEEEING.
  1920 | D:3      | 1920 ||| FLEEEEING.
  1921 | D:3      | 1921 ||| FLEEEEING.
  1923 | D:3      | 1923 ||| FLEEEEING.
  1924 | D:3      | 1924 ||| FLEEEEING.
  1925 | D:3      | 1925 ||| FLEEEEING.
  1926 | D:3      | 1926 ||| FLEEEEING.
  1927 | D:3      | 1927 ||| FLEEEEING.
  1928 | D:3      | 1928 ||| FLEEEEING.
  1929 | D:3      | 1929 ||| FLEEEEING.
  1930 | D:3      | 1930 ||| FLEEEEING.
  1931 | D:3      | 1931 ||| FLEEEEING.
  1932 | D:3      | 1932 ||| FLEEEEING.
  1933 | D:3      | 1933 ||| FLEEEEING.
  1949 | D:3      | Reached skill level 3 in Fighting
  1949 | D:3      | Reached XP level 6. HP: 34/37 MP: 7/7
  2063 | D:3      | HP: 8/37 [wight/+5 battleaxe (15)]
  2064 | D:3      | 2064 ||| DRINKING potion of heal wounds.
  2074 | D:3      | HP: 9/37 [wight/+4 spear of freezing (1)]
  2074 | D:3      | HP: 3/37 [wight/+1 dagger (6)]
  2076 | D:3      | Slain by a wight

Levels and vault maps discovered:
D:1:      eino_arrival_cavern_c, layout_loops_corners,
          shapermc_ecumenical_altar_flowoftime, minmay_shallow_snake_nest
D:2:      wad_woods_tower, layout_basic, uniq_robin, uniq_natasha
D:3:      layout_basic

Skill      XL: |  1  2  3  4  5 |
---------------+----------------+-----
Ranged Weapons | 3 4 5 |  5.5
Fighting       | 2 3 |  3.4
Armour         | 1 |  1.1
Dodging        | |  1.5
Spellcasting   | |  1.0
Hexes          | |  2.6

Action                     |  1- 3 |  4- 6 || total
---------------------------+-------+-------++-------
   Fire: Sling             |    83 |   103 ||   186
    Use: Scroll            |     4 |     3 ||     7
         Potion            |     1 |     2 ||     3
 Armour: Robe              |     4 |       ||     4
         Ring mail         |    15 |    13 ||    28
         Leather armour    |       |    17 ||    17
  Dodge: Dodged            |    23 |    36 ||    59
  Block: Other             |     9 |    14 ||    23
         Reflection        |     1 |       ||     1

Table legend:
 A = Non-vault XP
 B = Vault XP
 C = Vault XP percentage of total XP
 D = Non-vault monster count
 E = Vault monster count
 F = Vault count percentage of total count
                 A         B        C        D         E       F
            +---------+---------+-------+---------+---------+-------
      Total |     311 |     110 |  26.1 |      47 |      21 |  30.9
            +---------+---------+-------+---------+---------+-------
        D:1 |      15 |       2 |  11.8 |       8 |       2 |  20.0
        D:2 |     148 |     108 |  42.2 |      27 |      19 |  41.3
        D:3 |     148 |       0 |   0.0 |      12 |       0 |   0.0
            +---------+---------+-------+---------+---------+-------
